AoeStats
← [LMB] xved

Nomad

508598477Analyzed
3v3 RM · 11d ago on Sep 23, 2026· 20m 19s· 6 players
Game mode
Random Map
Map size
210×210
Population
200
Speed
Normal
Resources
Standard
Victory
Conquest
Starting age
Dark Age
Ending age
Imperial Age
RankedLock teamsTeams togetherTeam positionsShared explorationLock speedFull tech treeHidden civsTurbo modeCheats
Victory
Defeat
🇺🇸 Dravidians · United States
1353
+13
🇺🇸 Varangians · United States
1251
+17
🇺🇸 Koreans · United States
1169
+21
🇲🇽 Saxons · Mexico
1335
-19
🇲🇽 Danes · Mexico
1256
-16
🇲🇽 Varangians · Mexico
1245
-16
Boogensville
13:49 Feudal Age
15:55 Double-Bit Axe
18:13 Castle Age
16:29 Fishing Lines
19:46 Medium Warships
19:38 Gillnets
the fgzb
14:05 Feudal Age
13:52 Loom
18:21 Castle Age
17:32 Fletching
[LMB] xved
12:50 Feudal Age
13:47 Fishing Lines
16:42 Castle Age
15:41 Double-Bit Axe
17:00 Fletching
18:14 Medium Warships
18:16 Loom
19:27 Wheelbarrow
VL xPaaco15
3:37 Loom
15:11 Feudal Age
15:18 Feudal Age
17:05 Double-Bit Axe
22:12 Castle Age
DLM15
5:05 Loom
12:38 Feudal Age
13:28 Double-Bit Axe
15:35 Fishing Lines
17:09 Fletching
18:29 Town Watch
21:06 Castle Age
El Cacas Vengador
5:37 Loom
12:27 Feudal Age
13:01 Double-Bit Axe
13:49 Fishing Lines
22:31 Castle Age
Connection lost

Rejoining the realm…

Still unreachable

The connection could not be restored.

Session expired

The server has moved on; the page needs a fresh start.